 Dungeon Crawl Stone Soup version 0.20.1-1-g8b1a95d (webtiles) character file.

394 mas the Cudgeler (level 6, -1/51 HPs)
             Began as a Minotaur Gladiator on Nov 12, 2017.
             Slain by an orc priest
             ... wielding a +0 hand axe
              (9 damage)
             ... on level 4 of the Dungeon.
             The game lasted 00:05:27 (3148 turns).

mas the Cudgeler (Minotaur Gladiator)               Turns: 3148, Time: 00:05:27

Health: -1/51      AC:  3    Str: 21    XL:     6   Next: 52%
Magic:  5/5        EV: 15    Int:  5    God:
Gold:   207        SH:  0    Dex: 11    Spells: 5/5 levels left

rFire    + . .     SeeInvis .   a - +2 flail
rCold    . . .     Gourm    .   (no shield)
rNeg     . . .     Faith    .   b - +0 leather armour
rPois    .         Spirit   .   c - +0 hat
rElec    .         Reflect  .   (no cloak)
rCorr    .         Harm     .   (no gloves)
MR       .....                  (no boots)
Stlth    +.........             (no amulet)
Regen    0.2/turn               m - +2 ring of evasion
MPRegen  0.1/turn               j - ring of protection from fire

@: no status effects
A: retaliatory headbutt, horns 2
a: no special abilities


You were on level 4 of the Dungeon.
You were not hungry.

You visited 1 branch of the dungeon, and saw 4 of its levels.

You collected 207 gold pieces.

Inventory:

Hand Weapons
 a - a +2 flail (weapon)
Missiles
 d - 3 throwing nets (quivered)
Armour
 b - a +0 leather armour (worn)
 c - a +0 hat (worn)
Jewellery
 j - a ring of protection from fire (right hand)
 m - a +2 ring of evasion (left hand)
Wands
 o - a wand of disintegration (11/24)
 u - a wand of paralysis (5/24)
Scrolls
 e - a scroll of teleportation
 k - 3 scrolls of remove curse
 n - 2 scrolls of enchant armour
 r - a scroll of identify
 s - a scroll of enchant weapon
Potions
 g - a potion of curing
 i - a potion of might
 l - 2 potions of lignification
 q - a potion of berserk rage {unknown}
 t - a potion of flight
Comestibles
 f - 2 bread rations
 h - a royal jelly
 p - 2 meat rations


   Skills:
 + Level 3.4 Fighting
 + Level 6.0 Maces & Flails
 + Level 2.0 Throwing
 + Level 3.3 Armour
 + Level 4.9 Dodging
 + Level 1.4 Stealth


You had 5 spell levels left.
You didn't know any spells.

Dungeon Overview and Level Annotations

Branches:
Dungeon (4/15)
 Temple: D:4-7

Altars:


Innate Abilities, Weirdness & Mutations

You reflexively headbutt those who attack you in melee.
You have a pair of horns on your head.


Message History

The orc priest hits you with a hand axe!
* * * LOW HITPOINT WARNING * * *
You closely miss the orc priest.
The orc priest is heavily wounded.
The orc priest hits you with a hand axe.
* * * LOW HITPOINT WARNING * * *
You feel better.
The orc priest looks braver for a moment.
You barely miss the orc priest. You headbutt the orc priest!
You kill the orc priest!
Your Maces & Flails skill increases to level 6!
The orc priest hits you with a hand axe.
* * * LOW HITPOINT WARNING * * *
You hit the orc priest. Your headbutt misses the orc priest.
The orc priest is moderately wounded.
The orc priest barely misses you.
You hit the orc priest but do no damage.
The orc priest is moderately wounded.
The orc priest hits you with a hand axe!
You die...

..... #..# .. #..#
#. #..# #. #..# #.
######## #..#
#.###......# #..#
#.?........# #..##
##.##.†....# ###...#
#@)...##.##
#..<.######o######.#
#...........# #.####
# #.##[######.#
#....#.# ######.##.#
#.# ###....#.###
.......##.# #.#
#..........
..........#
##.####.......[##
#.#.###.###
#..............#
#.#.###.##
#..####........#


You could see an orc priest.

Vanquished Creatures
  A scorpion (D:3)
  An orc priest (D:4)
  A hound (D:4)
  Terence (D:2)
  An orc wizard (D:4)
  3 worker ants
  A hound skeleton (D:4)
  6 adders
  An adder skeleton (D:3)
  A worm (D:3)
  2 dart slugs
  2 leopard geckos
  5 orcs
  10 bats
  4 giant cockroaches
  4 goblins
  8 hobgoblins
  7 jackals (D:3)
  4 kobolds
  5 quokkas
  A ball python (D:3)
  3 frilled lizards
  10 rats
82 creatures vanquished.

Notes
Turn   | Place    | Note
-------+----------+-------------------------------------------
     0 | D:1      | mas the Minotaur Gladiator began the quest for the Orb.
     0 | D:1      | Reached XP level 1. HP: 18/18 MP: 0/0
   279 | D:1      | Reached XP level 2. HP: 23/25 MP: 1/1
   760 | D:2      | Reached skill level 4 in Maces & Flails
   827 | D:2      | Reached XP level 3. HP: 27/30 MP: 2/2
  1960 | D:3      | Noticed Terence
  1970 | D:2      | Killed Terence
  1970 | D:2      | Reached skill level 1 in Armour
  1970 | D:2      | Reached XP level 4. HP: 19/37 MP: 3/3
  2295 | D:3      | Reached skill level 5 in Maces & Flails
  2295 | D:3      | Reached XP level 5. HP: 40/44 MP: 4/4
  2322 | D:3      | Reached skill level 1 in Stealth
  2995 | D:4      | Reached XP level 6. HP: 40/51 MP: 5/5
  3146 | D:4      | Reached skill level 6 in Maces & Flails
  3148 | D:4      | Slain by an orc priest

Skill      XL: |  1  2  3  4  5  6 |
---------------+-------------------+-----
Maces & Flails | 4 5 6 |  6.0
Dodging        | 4 |  4.9
Armour         | 1 2 3 |  3.3
Stealth        | 1 |  1.4
Fighting       | 3 |  3.4
Throwing       | |  2.0

Action                   |  1- 3 |  4- 6 || total
-------------------------+-------+-------++-------
Melee: Flail             |    57 |    94 ||   151
       Headbutt          |     8 |    18 ||    26
  Use: Scroll            |     9 |     1 ||    10
       Potion            |     4 |     1 ||     5
  Eat: Chunk             |     2 |     2 ||     4
       Royal jelly       |     1 |       ||     1
       Fruit             |       |     1 ||     1
Armor: Leather armour    |    16 |    18 ||    34
Dodge: Dodged            |    66 |   105 ||   171
